Description

Build and guide from: https://sc2swarm.com/2018/03/08/ling-bane-hydra-guide-zvt/

For personal use.

Replay - Dark v INnoVation: Game 2 - Blackpink LE

Build Order

Get SALT Encoding   

  13  0:13  Overlord  
  17  0:54  Hatchery  
  18  1:09  Extractor  Build @1:10
  17  1:13  Spawning Pool  
  20  1:49  Overlord  Send 20th Drone to 3rd base
  20  2:02  Queen x2  After Inject, send main Queen to 2nd base
  24  2:06  Zergling x4  
  26  2:10  Metabolic Boost  @100 gas: Take 2 Drones off of gas
  30  2:42  Hatchery  
  29  2:44  Queen  Build at main Hatchery
  33  2:51  Overlord  
  36  3:08  Overlord  
  42  3:25  Queen  
  48  3:37  Overlord  @3:30-4:00 Sac Overlord to scout
  48  3:43  Zergling x8  Only V.S. 1/1/1 Hellion Opener
  1  4:00  Queen  At 3rd base (whenever 3rd finishes)
  1  4:05  Extractor x2  Put 2 Drones back on gas at main
  1  4:08  Baneling Nest  @100%, Get speed
  1  4:15  Lair  @4:00-4:30 (Early Lair - 4:00 is good when scouting Banshee builds. Not necessary til 4:30 for Bling speed agnst other builds)
  1  4:25  Queen  
  1  4:40  Spore Crawler  At main vs 1/1/1 Banshee / Liberator
  1  5:12  Evolution Chamber x2  @100%, +1 Melee +1 Carapace
  1  6:00  Hatchery x2  Plant 4th base & macro Hatchery
  1  6:05  Extractor x2  At 3rd base
  1  6:10  Hydralisk Den  @100%, Range upgrade
Spawning Tool Build Advisor. Get it on Overwolf

Analysis

At the end of build, you should have:

  • 5 gases
  • 3 fully saturated bases
  • 3 injecting queens
  • 3 creep queens
  • 4th base
  • Macro hatch
  • Lair
  • Hydra den & range upg on the way
  • Baneling nest & speed
  • +1/+1 on the way

Go to:

Details

  • Created by: TinyPumpkin
  • Published on: Apr 13, 2018
  • Modified on: Apr 29, 2018
  • Patch: 4.0.0
Show
View Real Time Build Order
Export as new Build Order

Comments (4)

On Oct. 2, 2018, 9:54 p.m., CDNshepard  said:

Salt build encoding only takes us to the first batch of zerglings

On April 29, 2018, 12:49 a.m., TinyPumpkin  said:

1's are just place holders as the supply count differs game by game.

On April 29, 2018, 12:49 a.m., TinyPumpkin  said:

1's are just place holders as the supply count differs game by game.

On April 28, 2018, 11:54 p.m., Angrythundergod  said:

How come only 1’s after it hits 48??

Create an account to comment!